 Dungeon Crawl Stone Soup version 0.30-a0-800-g7c544603b3 (webtiles) character file.

Game seed: 10210813054353461843

1883 Hubris850 the Conjurer (level 8, -1/57 HPs)
             Began as a Red Draconian Conjurer on Feb 22, 2023.
             Was a Believer of Sif Muna.
             Slain by an orc
             ... wielding a +0 hand axe of holy wrath
              (2 damage)
             ... on level 6 of the Dungeon.
             The game lasted 00:18:08 (6897 turns).

Hubris850 the Conjurer (Red Draconian Conjurer)     Turns: 6897, Time: 00:18:09

Health: -1/57      AC:  9    Str: 10    XL:     8   Next: 92%
Magic:  0/26       EV: 12    Int: 20    God:    Sif Muna [**....]
Gold:   303        SH:  0    Dex: 10    Spells: 12/19 levels left

rFire   + . .      SeeInvis .    D - +1 dagger (venom)
rCold   . . .      Faith    .    (no shield)
rNeg    . . .      Spirit   +    (body armour unavailable)
rPois   .          Reflect  .    (helmet restricted)
rElec   .          Harm     .    d - +0 cloak
rCorr   .          Rampage  .    c - +0 pair of gloves
Will    +....                    i - +0 pair of boots
Stlth   ++                       H - amulet of guardian spirit
HPRegen 0.29/turn                K - ring of willpower
MPRegen 0.20/turn                y - ring of magical power

@: no status effects
A: breathe fire, AC +6, unfitting armour, fire resistance 1, cold-blooded
a: Breathe Fire, Renounce Religion, Channel Magic


You were on level 6 of the Dungeon.
You worshipped Sif Muna.
Sif Muna was pleased with you.
You visited 2 branches of the dungeon, and saw 7 of its levels.

You collected 303 gold pieces.

Inventory:

Hand Weapons
 g - a +0 whip
 k - a +0 dagger
 l - a +0 short sword
 D - a +1 dagger of venom (weapon)
 E - a +2 short sword of draining
Missiles
 u - 16 poisoned darts
Armour
 c - a +0 pair of gloves (worn)
 d - a +0 cloak (worn)
 i - a +0 pair of boots (worn)
 q - a scarf of harm
Jewellery
 w - a ring of protection from fire
 y - a ring of magical power (right hand)
 H - an amulet of guardian spirit (around neck)
 I - a ring of ice
 K - a ring of willpower (left hand)
Scrolls
 b - 2 scrolls of noise {unknown}
 f - 2 scrolls of fog
 h - 2 scrolls of magic mapping {unknown}
 o - 4 scrolls of teleportation
 s - a scroll of brand weapon {unknown}
 t - a scroll of vulnerability {unknown}
 v - 2 scrolls of silence {unknown}
 x - 2 scrolls of acquirement {unknown}
 A - 2 scrolls of immolation {unknown}
 C - a scroll of poison {unknown}
 G - a scroll of blinking {unknown}
 J - a scroll of enchant weapon {unknown}
Potions
 a - a potion of magic
 e - 4 potions of heal wounds
 j - 4 potions of degeneration
 m - 2 potions of flight {unknown}
 n - 2 potions of mutation {unknown}
 p - a potion of curing
 r - 3 potions of brilliance {unknown}
 z - 2 potions of lignification {unknown}
 B - 2 potions of might {unknown}
 F - a potion of haste


   Skills:
 - Level 3.8 Dodging
 - Level 3.0 Stealth
 + Level 6.0 Spellcasting
 + Level 7.5 Conjurations
 + Level 5.1 Hexes


You had 12 spell levels left.
You knew the following spells:

 Your Spells              Type           Power      Damage    Failure   Level
a - Magic Dart            Conj           100%       1d8       1%          1
b - Searing Ray           Conj           72%        2d7       1%          2
c - Fulminant Prism       Conj/Hex       15%        3d10      8%          4

Your spell library contained the following spells:

 Spells                   Type           Power      Damage    Failure   Level
 Dazzling Flash           Conj/Hex       62%        N/A       2%          3
 Beastly Appendage        Tmut           12%        N/A       11%         1
 Portal Projectile        Hex/Tloc       32%        N/A       11%         3
 Wereblood                Tmut           6%         N/A       16%         2
 Iskenderun's Mystic Bla  Conj/Tloc      21%        2d6       22%         4
 Call Canine Familiar     Summ           6%         N/A       30%         3
 Spider Form              Tmut/Pois      6%         N/A       30%         3
 Leda's Liquefaction      Hex/Erth       8%         N/A       34%         4


Dungeon Overview and Level Annotations

Branches:
Dungeon (6/15)             Temple (1/1) D:4

Altars:
Fedhas
Makhleb
Okawaru
Qazlal
Sif Muna
The Shining One

Annotations:
D:3 1 runed translucent door, Crazy Yiuf


Innate Abilities, Weirdness & Mutations

You can breathe blasts of fire.
Your fiery red scales are hard. (AC +6)
You cannot fit into any form of body armour.
Your flesh is heat resistant. (rF+)
You are cold-blooded and may be slowed by cold attacks.


Message History

An orc priest comes into view. It is wielding a +0 dagger.
Found a stone staircase leading down.
The orc shouts!
The orc shouts! x2
You hit the orc but do no damage.
The orc is poisoned.
The orc barely misses you.
An iguana comes into view.
You hit the orc but do no damage.
The orc looks as sick as possible!
Your tail-slap misses the orc.
The hound closely misses you. The scorpion barely misses you.
The orc priest miscasts a cantrip.
The orc hits you but does no damage. The hound closely misses you.
The scorpion stings you.
You hit the orc but do no damage.
The orc looks as sick as possible!
You tail-slap the orc, but do no damage.
The orc is lightly wounded.
The hound bites you.
The orc drinks a potion.
The orc seems to speed up.
The orc priest calls upon Beogh to heal the orc.
The orc's wounds heal themselves!
The orc barely misses you.
The scorpion stings you but does no damage.
You hit the orc but do no damage.
The orc looks as sick as possible!
You tail-slap the orc, but do no damage.
The hound closely misses you.
The orc priest invokes the aid of Beogh against you.
Beogh smites you!
* * * LOW HITPOINT WARNING * * *
The orc priest miscasts a cantrip.
The orc hits you with a +0 hand axe of holy wrath.
* * * LOW HITPOINT WARNING * * *
The scorpion closely misses you. The hound barely misses you.
You closely miss the orc.
Your tail-slap misses the orc.
The orc is moderately wounded.
The hound barely misses you.
The scorpion stings you but does no damage.
The orc hits you with a +0 mace.
The orc priest mumbles some strange prayers to Beogh against you.
Beogh smites you!
* * * LOW HITPOINT WARNING * * *
The orc hits you with a +0 hand axe of holy wrath.
You die...

.. ....... .. ....... .....
.. ...... ....... .. ....#
+........ . #####..##
+........##.
.#.......####...........
...o..os..##..#.....!...
...looo@............# ## #.
>....oh#..#........# #..
...##o.#..#........# #..
##.ooo>#..###......#
##..##........#####.....#
##..#...o......##.##.....#
###..............#.........#
...........................#
.....#.........#..#...#....#


You could see a scorpion, an iguana, a hound, 2 orc priests, an orc wizard and 8
orcs.

Vanquished Creatures
  Pikel (D:5)
  Grum (D:6)
  Duvessa (D:4)
  An ice beast (D:5)
  A centaur (D:5)
  A lemure (D:4)
  A gnoll sergeant (D:6)
  2 scorpions
  Dowan (D:4)
  2 jellies (D:5)
  An orc priest (D:6)
  10 hounds
  A gnoll bouda (D:6)
  2 orc wizards (D:6)
  3 iguanas
  4 gnolls (D:6)
  5 adders
  A white imp (D:5)
  An ufetubus (D:4)
  5 worms
  A dart slug (D:2)
  7 orcs
  11 endoplasms
  4 giant cockroaches
  6 goblins
  8 hobgoblins
  5 jackals
  9 kobolds
  6 quokkas
  10 ball pythons
  7 bats
  4 frilled lizards
  4 rats
127 creatures vanquished.

Vanquished Creatures (others)
  6 fulminant prisms (D:6)
6 creatures vanquished.

Grand Total: 133 creatures vanquished

Notes
Turn   | Place    | Note
-------+----------+-------------------------------------------
     0 | D:1      | Hubris850 the Draconian Conjurer began the quest for the
                  | Orb.
     0 | D:1      | Reached XP level 1. HP: 14/14 MP: 3/3
   516 | D:1      | Reached XP level 2. HP: 20/20 MP: 5/5
   939 | D:1      | Found a faded altar of an unknown god.
  1199 | D:2      | Reached XP level 3. HP: 26/26 MP: 1/6
  1255 | D:2      | Learned a level 2 spell: Searing Ray
  2118 | D:2      | Found a blossoming altar of Fedhas.
  2134 | D:2      | Reached XP level 4. HP: 33/33 MP: 5/7
  2591 | D:3      | Found a burning altar of Makhleb.
  2811 | D:3      | Found a shimmering blue altar of Sif Muna.
  2877 | D:3      | Became a worshipper of Sif Muna the Loreminder
  2946 | D:3      | Found a runed translucent door.
  2947 | D:3      | Noticed Crazy Yiuf
  3078 | D:3      | Learned a level 4 spell: Fulminant Prism
  3515 | D:4      | Found a staircase to the Ecumenical Temple.
  3520 | Temple   | Entered the Ecumenical Temple
  3546 | D:4      | Noticed Dowan
  3547 | D:4      | Noticed Duvessa
  4132 | D:4      | Reached XP level 5. HP: 3/36 MP: 9/9
  4388 | D:4      | Killed Duvessa
  4389 | D:4      | Reached skill level 1 in Hexes
  4397 | D:4      | Killed Dowan
  4398 | D:4      | Reached skill level 5 in Conjurations
  4398 | D:4      | Reached XP level 6. HP: 32/45 MP: 0/11
  4957 | D:5      | Entered Level 5 of the Dungeon
  4957 | D:5      | Noticed Pikel
  5396 | D:5      | Your scales start taking on a fiery red colour.
  5396 | D:5      | Reached XP level 7. HP: 50/50 MP: 12/12
  5396 | D:5      | Gained mutation: Your flesh is heat resistant. (rF+) [Red
                  | Draconian growth]
  5456 | D:5      | Reached * piety under Sif Muna
  5702 | D:5      | Killed Pikel
  5703 | D:5      | Reached skill level 5 in Spellcasting
  5703 | D:5      | Reached skill level 6 in Conjurations
  5703 | D:5      | Reached XP level 8. HP: 52/57 MP: 15/15
  6431 | D:6      | Reached skill level 7 in Conjurations
  6495 | D:6      | Noticed Grum
  6512 | D:6      | Killed Grum
  6772 | D:6      | Reached skill level 5 in Hexes
  6861 | D:6      | Reached ** piety under Sif Muna
  6897 | D:6      | HP: 1/57 [orc priest/divine providence (10)]
  6897 | D:6      | Slain by an orc

Illustrated notes

Levels and vault maps discovered:
D:1:      dpeg_arrival_castle, layout_loops_ring,
          shapermc_ecumenical_altar_venn, minmay_misc_feat_more_columns
D:2:      kennysheep_six_static_rooms, layout_loops_ring, basic_altar
D:3:      layout_basic, mainiacjoe_overflow_catch_the_wave,
          uniq_crazy_yiuf_cottage
D:4:      layout_loops_corners, temple_doors_e, minmay_misc_feat_rows,
          minmay_increasing_density, uniq_duvessa
D:5:      kennysheep_spiral_hall, layout_gridville, hangedman_decor_growths,
          grunt_ministairs_14, uniq_pikel
D:6:      layout_cave_pools, chequers_temple_overflow_minitemple,
          serial_gnoll_camp, gnoll_camp_mini_hut, gnoll_camp_mini_shop,
          grums_kennel, gnoll_camp_mini_hut, gnoll_camp_medium_01,
          gnoll_camp_medium_02, kennysheep_dice
Temple:   nicolae_temple_bog_church

Skill      XL: |  1  2  3  4  5  6  7  8 |
---------------+-------------------------+-----
Stealth        | 2 3 |  3.0
Dodging        | 2 3 |  3.8
Spellcasting   | 3 5 6 |  6.0
Hexes          | 1 2 3 5 |  5.1
Conjurations   | 5 6 7 |  7.5

Action                     |  1- 3 |  4- 6 |  7- 9 || total
---------------------------+-------+-------+-------++-------
  Melee: Unarmed           |    88 |       |       ||    88
         Whip              |    44 |       |       ||    44
         Tailslap          |    13 |     9 |    23 ||    45
         Punch             |     1 |     1 |     1 ||     3
         Dagger            |    21 |       |    30 ||    51
         Short sword       |    22 |    51 |   118 ||   191
   Cast: Magic Dart        |    85 |   112 |    35 ||   232
         Searing Ray       |       |     4 |       ||     4
         Fulminant Prism   |       |       |     6 ||     6
Ability: Breathe Fire      |       |       |    13 ||    13
    Use: Scroll            |       |     2 |     3 ||     5
         Potion            |       |     1 |     1 ||     2
   Stab: Sleeping          |       |     1 |       ||     1
 Armour: Skin              |   114 |    32 |    70 ||   216
  Dodge: Dodged            |   161 |    40 |    98 ||   299

Table legend: (Time is in decaauts)
 A = Elapsed time spent in this place.
 B = Non-inter-level travel time spent in this place.
 C = Inter-level travel time spent in this place.
 D = Time resting spent in this place.
 E = Time spent auto-exploring this place.
 F = Levels seen in this place.
 G = Mean time per level.
                   A        B        C        D        E       F      G
               +--------+--------+--------+--------+--------+-----+--------+
         Total |   6907 |   6709 |    198 |    843 |   4578 |   7 |  986.7 |
       Dungeon |   6906 |   6708 |    198 |    843 |   4578 |   6 | 1151.0 |
        Temple |      1 |      1 |      0 |      0 |      0 |   1 |    1.0 |
               +--------+--------+--------+--------+--------+-----+--------+

Top non-repeatable levels by time:
     D:4: 1780 daAuts
     D:2: 1391 daAuts
     D:1: 1171 daAuts
     D:5: 1097 daAuts
     D:3: 804 daAuts
     D:6: 660 daAuts
  Temple: 1 daAuts
